Red Wings vs Maple Leafs
(R2)
Created - November 24, 2020 at 19:39
Goals
|
| Red Wings |
0 |
3 |
0 |
3 |
| Maple Leafs |
0 |
1 |
1 |
2 |
|
Shots
|
| Red Wings |
4 |
11 |
8 |
23 |
| Maple Leafs |
9 |
14 |
9 |
32 |
|
1st period
No Goal
Penalties :
Kyle Clifford (Tor) for Roughing (Minor) at 3:44, David Krejci (Det) for Hooking (Minor) at 9:46, Carson Mcmillan (Det) for Hooking (Minor) at 17:30
2nd period
1. Red Wings , David Krejci 3 (Philip Samuelsson 6, Carson Mcmillan 3) at 1:35
2. Red Wings , Connor Brown 7 (Mike Richards 11, Philip Samuelsson 7) at 3:22 (SH)
3. Red Wings , Kris Versteeg 10 (Karl Alzner 5, Sean Bergenheim 13) at 12:58 (PP)
4. Maple Leafs , Jordan Staal 6 (Calvin de Haan 4, John Klingberg 8) at 15:06 (PP)
Penalties :
David Krejci (Det) for Tripping (Minor) at 2:41, Kevin Shattenkirk (Tor) for Holding (Minor) at 3:28, Kyle Clifford (Tor) for Hooking (Minor) at 11:38, Sean Bergenheim (Det) for Hooking (Minor) at 14:27, Ryan Parent (Tor) for High sticking (Minor) at 19:38
3rd period
5. Maple Leafs , Mika Zibanejad 3 (Ben Smith 5, Jake Guentzel 6) at 7:19
Penalties :
Dany Heatley (Tor) for Interference (Minor) at 12:19, Kyle Clifford (Tor) for Slashing (Minor) at 15:52
Goalie Stats
James Reimer (Det), 30 saves from 32 shots - (0.938), W, 6-3-3, 60:00 minutes
Brian Elliott (Tor), 20 saves from 23 shots - (0.870), L, 5-3-1, 59:12 minutes
Players Stats for Red Wings
Player Name G A P +/- PIM S H SB GA TA FO MP PP MP PK MP
------------------------------------------------------------------------------------
Alex Picard 0 0 0 1 0 1 2 0 0 0 0/0 12:31 0:00 0:24
Carson Mcmillan 0 1 1 1 2 0 2 0 0 0 0/0 12:27 0:03 0:00
Chuck Kobasew 0 0 0 0 0 0 0 0 0 0 0/1 2:38 0:26 0:00
Connor Brown 1 0 1 1 0 4 1 3 0 1 1/2 19:35 3:45 1:28
David Krejci 1 0 1 1 4 2 0 0 0 0 4/5 12:07 0:12 0:00
Jakub Kindl 0 0 0 0 0 1 0 0 0 0 0/0 12:14 0:00 0:00
Jiri Fischer 0 0 0 0 0 0 0 1 0 1 0/0 12:14 0:00 0:00
Karl Alzner 0 1 1 0 0 0 0 2 2 2 0/0 18:42 3:29 1:48
Kris Versteeg 1 0 1 -1 0 2 2 1 2 0 8/12 26:35 5:55 3:47
Marko Dano 0 0 0 0 0 3 1 0 0 1 1/1 17:39 3:54 0:00
Mike Richards 0 1 1 0 0 1 1 1 0 0 14/22 21:43 5:54 1:28
Nick Bjugstad 0 0 0 0 0 3 1 1 0 0 13/16 17:37 3:54 0:00
Ole-Kristian Tollefsen 0 0 0 2 0 1 2 2 2 1 0/0 26:52 6:34 3:36
Petr Pohl 0 0 0 0 0 0 1 0 0 0 0/0 4:50 0:00 0:36
Petter Granberg 0 0 0 -1 0 0 0 1 0 0 0/0 3:17 0:00 0:00
Philip Samuelsson 0 2 2 1 0 0 1 3 1 2 0/0 27:59 6:34 3:36
Ryan O'Byrne 0 0 0 0 0 0 0 1 0 0 0/0 18:42 3:29 1:48
Sean Bergenheim 0 1 1 -1 2 5 1 0 1 0 2/4 25:38 6:06 3:05
Players Stats for Maple Leafs
Player Name G A P +/- PIM S H SB GA TA FO MP PP MP PK MP
------------------------------------------------------------------------------------
Andre Burakovsky 0 0 0 -1 0 1 1 0 1 0 0/0 9:46 0:00 0:37
Beau Bennett 0 0 0 -1 0 0 0 1 0 0 0/0 8:28 0:00 0:00
Ben Smith 0 1 1 0 0 4 2 0 1 1 0/0 17:41 2:28 3:51
Blake Comeau 0 0 0 0 0 1 0 0 0 0 0/0 7:19 0:00 0:00
Brayden Schenn 0 0 0 0 0 0 3 0 2 0 10/39 23:21 2:56 5:41
Braydon Coburn 0 0 0 -1 0 1 5 0 1 1 0/0 18:18 0:00 6:06
Calvin de Haan 0 1 1 1 0 0 0 1 0 0 0/0 14:14 1:39 1:33
Chris Kelly 0 0 0 0 0 0 1 0 0 0 2/3 7:19 0:00 0:00
Dany Heatley 0 0 0 0 2 0 0 1 0 0 0/0 10:12 0:00 2:17
Hampus Lindholm 0 0 0 0 0 4 0 3 0 1 0/0 24:14 1:39 4:47
Jake Guentzel 0 1 1 1 0 2 2 0 0 0 0/0 14:20 2:56 0:00
John Klingberg 0 1 1 -2 0 1 0 0 0 0 0/0 19:42 3:45 0:10
Jordan Staal 1 0 1 -2 0 2 1 0 1 2 3/11 15:07 2:28 2:00
Kevin Shattenkirk 0 0 0 -1 2 3 1 2 0 1 0/0 28:09 3:44 3:00
Kyle Clifford 0 0 0 -1 6 3 1 0 1 1 0/1 20:38 2:28 2:29
Mika Zibanejad 1 0 1 1 0 5 1 1 0 0 4/7 12:54 0:00 1:11
Patrick Kane 0 0 0 0 0 5 0 0 1 0 1/2 21:02 2:56 2:00
Ryan Parent 0 0 0 1 2 0 2 2 0 1 0/0 15:55 0:00 4:30
3 Stars
1 - Philip Samuelsson (Det)
2 - Connor Brown (Det)
3 - Mika Zibanejad (Tor)
Power Play
Red Wings - 1 on 6 Attempt(s) - 16.67%
Maple Leafs - 1 on 4 Attempt(s) - 25.00%
Penalty Kill
Red Wings - 3 on 4 Attempt(s) - 75.00%
- Score 1 goal in Penalty Kill
Maple Leafs - 5 on 6 Attempt(s) - 83.33%
- Score 0 goal in Penalty Kill
Team Stat
Red Wings - Hits : 15 - Faceoff Wins : 43 - Blocked Shots : 16 - Penalty Minutes : 8
Maple Leafs - Hits : 20 - Faceoff Wins : 20 - Blocked Shots : 11 - Penalty Minutes : 12
Official
Referees : Unknown
Linesman : Unknown
Game Notes
14:01 of 2nd period - Maple Leafs goal is going for a video replay. After video review, No Goal. The puck has been directed, batted or thrown into the net by an attacking player other than with a stick.
Finance
Level 1 -- Attendance: 4946 (82.43%) -- Ticket Income $544,060
Level 2 -- Attendance: 4024 (80.48%) -- Ticket Income $281,680
Level 3 -- Attendance: 1550 (77.50%) -- Ticket Income $71,300
Level 4 -- Attendance: 3315 (82.88%) -- Ticket Income $99,450
Luxury Box -- Attendance: 902 (90.20%) -- Ticket Income $162,360
Game was played at the Maple Leafs Garden.
Total Attendance: 14737 (81.87%)
Total Ticket Income: $1,158,850
Other Income: $173,828
Total Income: $1,332,678
Red Wings
5 vs 5 Forward
Center Left Wing Right Wing Time % Phy DF OF
1 Mike Richards Sean Bergenheim Kris Versteeg 40 1 2 2
2 Nick Bjugstad Marko Dano Connor Brown 30 1 2 2
3 David Krejci Alex Picard Carson Mcmillan 20 1 2 2
4 Kris Versteeg Sean Bergenheim Petr Pohl 10 1 2 2
5 vs 5 Defense
Defense Defense Time % Phy DF OF
1 Philip Samuelsson Ole-Kristian Tollefsen 40 1 2 2
2 Karl Alzner Ryan O'Byrne 30 1 2 2
3 Jiri Fischer Jakub Kindl 20 1 2 2
4 Petter Granberg Philip Samuelsson 10 1 2 2
PowerPlay Forward
Center Left Wing Right Wing Time % Phy DF OF
1 Mike Richards Sean Bergenheim Kris Versteeg 60 1 2 2
2 Nick Bjugstad Marko Dano Connor Brown 40 1 2 2
PowerPlay Defense
Defense Defense Time % Phy DF OF
1 Philip Samuelsson Ole-Kristian Tollefsen 60 1 2 2
2 Karl Alzner Ryan O'Byrne 40 1 2 2
Penalty Kill 4 Players Forward
Center Wing Time % Phy DF OF
1 Kris Versteeg Sean Bergenheim 60 1 2 2
2 Mike Richards Connor Brown 40 1 2 2
Penalty Kill 4 Players Defense
Defense Defense Time % Phy DF OF
1 Philip Samuelsson Ole-Kristian Tollefsen 60 1 2 2
2 Karl Alzner Ryan O'Byrne 40 1 2 2
Penalty Kill - 3 Players Forward
Forward Time % Phy DF OF
1 Kris Versteeg 60 1 2 2
2 Sean Bergenheim 40 1 2 2
Penalty Kill - 3 Players Defense
Defense Defense Time % Phy DF OF
1 Philip Samuelsson Ole-Kristian Tollefsen 60 1 2 2
2 Karl Alzner Ryan O'Byrne 40 1 2 2
4 vs 4 Forward
Center Wing Time % Phy DF OF
1 Kris Versteeg Sean Bergenheim 60 1 2 2
2 Mike Richards Connor Brown 40 1 2 2
4 vs 4 Defense
Defense Defense Time % Phy DF OF
1 Philip Samuelsson Ole-Kristian Tollefsen 60 1 2 2
2 Karl Alzner Ryan O'Byrne 40 1 2 2
Last Minutes Offensive
Center Left Wing Right Wing Defense Defense
Mike Richards Sean Bergenheim Kris Versteeg Philip Samuelsson Ole-Kristian Tollefsen
Last Minutes Defensive
Center Left Wing Right Wing Defense Defense
Mike Richards Sean Bergenheim Kris Versteeg Philip Samuelsson Ole-Kristian Tollefsen
Goaltenders
Starting : James Reimer
Backup : Josh Harding
Extra Forwards
Normal : Chuck Kobasew, Carson Mcmillan, Petr Pohl - PP : Chuck Kobasew, Carson Mcmillan - PK : Petr Pohl
Extra Defensemen
Normal : Jiri Fischer, Jakub Kindl, Petter Granberg - PP : Jiri Fischer - PK : Jakub Kindl, Petter Granberg
Penalty Shots
Kris Versteeg, Sean Bergenheim, Mike Richards, Connor Brown, Nick Bjugstad
Scratches
Darroll Powe (Healthy), Michael Haley (Healthy)
Maple Leafs
5 vs 5 Forward
Center Left Wing Right Wing Time % Phy DF OF
1 Brayden Schenn Kyle Clifford Patrick Kane 40 1 2 2
2 Mika Zibanejad Jake Guentzel Ben Smith 30 1 2 2
3 Jordan Staal Andre Burakovsky Beau Bennett 20 1 2 2
4 Chris Kelly Dany Heatley Blake Comeau 10 1 2 2
5 vs 5 Defense
Defense Defense Time % Phy DF OF
1 Kevin Shattenkirk Hampus Lindholm 40 1 2 2
2 Braydon Coburn John Klingberg 30 1 2 2
3 Ryan Parent Calvin de Haan 20 1 2 2
4 Kevin Shattenkirk John Klingberg 10 1 2 2
PowerPlay Forward
Center Left Wing Right Wing Time % Phy DF OF
1 Brayden Schenn Jake Guentzel Patrick Kane 60 1 2 2
2 Jordan Staal Kyle Clifford Ben Smith 40 1 2 2
PowerPlay Defense
Defense Defense Time % Phy DF OF
1 Kevin Shattenkirk John Klingberg 60 1 2 2
2 Hampus Lindholm Calvin de Haan 40 1 2 2
Penalty Kill 4 Players Forward
Center Wing Time % Phy DF OF
1 Brayden Schenn Kyle Clifford 60 1 2 2
2 Jordan Staal Patrick Kane 40 1 2 2
Penalty Kill 4 Players Defense
Defense Defense Time % Phy DF OF
1 Braydon Coburn Ryan Parent 60 1 2 2
2 Kevin Shattenkirk Hampus Lindholm 40 1 2 2
Penalty Kill - 3 Players Forward
Forward Time % Phy DF OF
1 Brayden Schenn 60 1 2 2
2 Jordan Staal 40 1 2 2
Penalty Kill - 3 Players Defense
Defense Defense Time % Phy DF OF
1 Braydon Coburn Ryan Parent 60 1 2 2
2 Kevin Shattenkirk Hampus Lindholm 40 1 2 2
4 vs 4 Forward
Center Wing Time % Phy DF OF
1 Jordan Staal Patrick Kane 60 1 2 2
2 Brayden Schenn Kyle Clifford 40 1 2 2
4 vs 4 Defense
Defense Defense Time % Phy DF OF
1 Kevin Shattenkirk Braydon Coburn 60 1 2 2
2 John Klingberg Hampus Lindholm 40 1 2 2
Last Minutes Offensive
Center Left Wing Right Wing Defense Defense
Brayden Schenn Kyle Clifford Patrick Kane Kevin Shattenkirk John Klingberg
Last Minutes Defensive
Center Left Wing Right Wing Defense Defense
Jordan Staal Kyle Clifford Patrick Kane Kevin Shattenkirk Braydon Coburn
Goaltenders
Starting : Brian Elliott
Backup : John Gibson
Extra Forwards
Normal : Dany Heatley, Andre Burakovsky, Patrick Kane - PP : Dany Heatley, Patrick Kane - PK : Ben Smith
Extra Defensemen
Normal : Hampus Lindholm, Ryan Parent, Kevin Shattenkirk - PP : Hampus Lindholm - PK : Hampus Lindholm, Calvin de Haan
Penalty Shots
Patrick Kane, Andre Burakovsky, Brayden Schenn, Jordan Staal, Kyle Clifford
Scratches
None
% Time on Ice - Red Wings
Lines # - Real PCT - Wanted PCT - Time Play
Normal Forward
1 - 30% - 40% - 12:29
2 - 35% - 30% - 14:52
3 - 28% - 20% - 11:42
4 - 7% - 10% - 3:05
Normal Defense
1 - 35% - 40% - 14:44
2 - 31% - 30% - 13:06
3 - 29% - 20% - 12:14
4 - 5% - 10% - 2:04
PP Forward
1 - 61% - 60% - 6:09
2 - 39% - 40% - 3:54
PP Defense
1 - 65% - 60% - 6:34
2 - 35% - 40% - 3:29
PK Forward
1 - 73% - 60% - 3:56
2 - 27% - 40% - 1:28
PK Defense
1 - 67% - 60% - 3:36
2 - 33% - 40% - 1:48
PK3 Forward
1 - 0% - 60%
2 - 0% - 40%
PK3 Defense
1 - 0% - 60%
2 - 0% - 40%
44 Forward
1 - 63% - 60% - 0:45
2 - 38% - 40% - 0:27
44 Defense
1 - 74% - 60% - 0:53
2 - 26% - 40% - 0:19
Last Minute Offensive - 0:00
Last Minute Defensive - 1:13
Total
Forward - 60:00
Defense - 60:00
|
% Time on Ice - Maple Leafs
Lines # - Real PCT - Wanted PCT - Time Play
Normal Forward
1 - 32% - 40% - 13:32
2 - 31% - 30% - 12:52
3 - 20% - 20% - 8:28
4 - 17% - 10% - 7:19
Normal Defense
1 - 40% - 40% - 16:44
2 - 27% - 30% - 11:20
3 - 23% - 20% - 9:50
4 - 10% - 10% - 4:17
PP Forward
1 - 54% - 60% - 2:56
2 - 46% - 40% - 2:28
PP Defense
1 - 69% - 60% - 3:45
2 - 31% - 40% - 1:39
PK Forward
1 - 80% - 60% - 8:03
2 - 20% - 40% - 2:00
PK Defense
1 - 62% - 60% - 6:16
2 - 38% - 40% - 3:47
PK3 Forward
1 - 0% - 60%
2 - 0% - 40%
PK3 Defense
1 - 0% - 60%
2 - 0% - 40%
44 Forward
1 - 58% - 60% - 0:42
2 - 42% - 40% - 0:30
44 Defense
1 - 100% - 60% - 1:12
2 - 0% - 40% - 0:00
Last Minute Offensive - 1:10
Last Minute Defensive - 0:00
Total
Forward - 60:00
Defense - 60:00
|
Play-by-Play
1st period
0:01 of 1st period - Mike Richards wins face-off versus Kyle Clifford in neutral zone.
1:16 of 1st period - Icing by Calvin de Haan.
1:17 of 1st period - Brayden Schenn wins face-off versus Kris Versteeg in Maple Leafs zone.
1:54 of 1st period - Slapshot by Patrick Kane.
1:54 of 1st period - Stopped by James Reimer with a rebound.
1:56 of 1st period - Wrist shot by Kyle Clifford.
1:56 of 1st period - Stopped by James Reimer without a rebound.
1:57 of 1st period - Nick Bjugstad wins face-off versus Mika Zibanejad in Red Wings zone.
2:06 of 1st period - Snap shot by Ben Smith.
2:06 of 1st period - Shot Misses the Net.
2:31 of 1st period - Kevin Shattenkirk is hit by Carson Mcmillan and loses puck.
2:44 of 1st period - Wrist shot by Jordan Staal.
2:44 of 1st period - Deflect By Beau Bennett.
2:44 of 1st period - Shot Blocked by Petter Granberg.
2:44 of 1st period - Puck is out of play.
2:45 of 1st period - Kris Versteeg wins face-off versus Jordan Staal in Red Wings zone.
3:12 of 1st period - Ben Smith is hit by Nick Bjugstad and loses puck.
3:19 of 1st period - Snap shot by Nick Bjugstad.
3:19 of 1st period - Shot Blocked by Ryan Parent.
3:21 of 1st period - Wrist shot by Nick Bjugstad.
3:21 of 1st period - Stopped by Brian Elliott without a rebound.
3:22 of 1st period - Nick Bjugstad wins face-off versus Brayden Schenn in Maple Leafs zone.
3:23 of 1st period - Snap shot by Marko Dano.
3:23 of 1st period - Stopped by Brian Elliott with a rebound.
3:25 of 1st period - Slapshot by Jiri Fischer.
3:25 of 1st period - Shot Misses the Net.
3:38 of 1st period - Snap shot by Jakub Kindl.
3:38 of 1st period - Shot Blocked by Hampus Lindholm.
3:44 of 1st period - Minor Penalty to Kyle Clifford for Roughing.
3:45 of 1st period - Mike Richards wins face-off versus Brayden Schenn in Maple Leafs zone.
3:58 of 1st period - Snap shot by Sean Bergenheim.
3:58 of 1st period - Stopped by Brian Elliott without a rebound.
3:59 of 1st period - Brayden Schenn wins face-off versus Mike Richards in Maple Leafs zone.
4:06 of 1st period - Icing by Sean Bergenheim.
4:07 of 1st period - Mike Richards wins face-off versus Brayden Schenn in Red Wings zone.
4:07 of 1st period - Mike Richards is hit by Braydon Coburn.
4:51 of 1st period - Ryan Parent is hit by Sean Bergenheim and loses puck.
5:02 of 1st period - Snap shot by Patrick Kane.
5:02 of 1st period - Shot Blocked by Mike Richards.
5:44 of 1st period - Penalty to Kyle Clifford is over, Kyle Clifford is back on ice.
6:20 of 1st period - Slapshot by Patrick Kane.
6:20 of 1st period - Stopped by James Reimer without a rebound.
6:21 of 1st period - Nick Bjugstad wins face-off versus Chris Kelly in Red Wings zone.
6:49 of 1st period - Ryan O'Byrne is hit by Mika Zibanejad and loses puck.
7:57 of 1st period - Off-side.
7:58 of 1st period - Mika Zibanejad wins face-off versus Nick Bjugstad in neutral zone.
8:25 of 1st period - Wrist shot by Kyle Clifford.
8:25 of 1st period - Shot Misses the Net.
8:44 of 1st period - Off-side.
8:45 of 1st period - Mika Zibanejad wins face-off versus Chuck Kobasew in neutral zone.
8:48 of 1st period - Philip Samuelsson is hit by Braydon Coburn and loses puck.
8:57 of 1st period - Snap shot by Mika Zibanejad.
8:57 of 1st period - Stopped by James Reimer without a rebound.
8:58 of 1st period - Nick Bjugstad wins face-off versus Brayden Schenn in Red Wings zone.
9:44 of 1st period - Wrist shot by Mika Zibanejad.
9:44 of 1st period - Stopped by James Reimer with a rebound.
9:46 of 1st period - Minor Penalty to David Krejci for Hooking.
9:47 of 1st period - Kris Versteeg wins face-off versus Brayden Schenn in Red Wings zone.
10:24 of 1st period - Wrist shot by Jordan Staal.
10:24 of 1st period - Deflect By Ben Smith.
10:24 of 1st period - Shot Misses the Net.
10:24 of 1st period - Puck is out of play.
10:25 of 1st period - Kris Versteeg wins face-off versus Brayden Schenn in Red Wings zone.
10:52 of 1st period - Snap shot by Kyle Clifford.
10:52 of 1st period - Shot Blocked by Karl Alzner.
10:54 of 1st period - Slapshot by Hampus Lindholm.
10:54 of 1st period - Stopped by James Reimer without a rebound.
10:55 of 1st period - Jordan Staal wins face-off versus Sean Bergenheim in Red Wings zone.
11:08 of 1st period - Snap shot by Kyle Clifford.
11:08 of 1st period - Deflect By Ben Smith.
11:08 of 1st period - Stopped by James Reimer with a rebound.
11:10 of 1st period - Wrist shot by Kyle Clifford.
11:10 of 1st period - Stopped by James Reimer without a rebound.
11:11 of 1st period - Mike Richards wins face-off versus Patrick Kane in Red Wings zone.
11:46 of 1st period - Penalty to David Krejci is over, David Krejci is back on ice.
12:00 of 1st period - Snap shot by David Krejci.
12:00 of 1st period - Stopped by Brian Elliott without a rebound.
12:01 of 1st period - Chris Kelly wins face-off versus David Krejci in Maple Leafs zone.
13:26 of 1st period - Snap shot by Blake Comeau.
13:26 of 1st period - Shot Misses the Net.
13:28 of 1st period - Slapshot by Calvin de Haan.
13:28 of 1st period - Deflect By Blake Comeau.
13:28 of 1st period - Deflect By Jiri Fischer.
13:28 of 1st period - Shot Blocked by Jiri Fischer.
13:28 of 1st period - Puck is out of play.
13:29 of 1st period - Marko Dano wins face-off versus Brayden Schenn in Red Wings zone.
13:35 of 1st period - Icing by Hampus Lindholm.
13:36 of 1st period - Nick Bjugstad wins face-off versus Brayden Schenn in Maple Leafs zone.
13:37 of 1st period - Snap shot by Connor Brown.
13:37 of 1st period - Shot Misses the Net.
13:42 of 1st period - Off-side.
13:43 of 1st period - Nick Bjugstad wins face-off versus Brayden Schenn in neutral zone.
13:46 of 1st period - Slapshot by Connor Brown.
13:46 of 1st period - Shot Blocked by Kevin Shattenkirk.
15:18 of 1st period - Snap shot by Andre Burakovsky.
15:18 of 1st period - Shot Misses the Net.
16:29 of 1st period - Off-side.
16:30 of 1st period - Nick Bjugstad wins face-off versus Jordan Staal in neutral zone.
16:57 of 1st period - Patrick Kane is hit by Ole-Kristian Tollefsen and loses puck.
17:28 of 1st period - Wrist shot by Ben Smith.
17:28 of 1st period - Stopped by James Reimer with a rebound.
17:30 of 1st period - Minor Penalty to Carson Mcmillan for Hooking.
17:31 of 1st period - Kris Versteeg wins face-off versus Brayden Schenn in Red Wings zone.
18:08 of 1st period - Snap shot by Jordan Staal.
18:08 of 1st period - Deflect By Connor Brown.
18:08 of 1st period - Shot Misses the Net.
18:08 of 1st period - Puck is out of play.
18:09 of 1st period - Sean Bergenheim wins face-off versus Jordan Staal in Red Wings zone.
19:02 of 1st period - Slapshot by Kevin Shattenkirk.
19:02 of 1st period - Shot Blocked by Connor Brown.
19:30 of 1st period - Penalty to Carson Mcmillan is over, Carson Mcmillan is back on ice.
Goals for this period are 0 for Red Wings vs 0 for Maple Leafs.
Shots for this period are 4 for Red Wings vs 9 for Maple Leafs.
2nd period
0:01 of 2nd period - Brayden Schenn wins face-off versus Mike Richards in neutral zone.
0:27 of 2nd period - Icing by Kevin Shattenkirk.
0:28 of 2nd period - Nick Bjugstad wins face-off versus Mika Zibanejad in Maple Leafs zone.
0:35 of 2nd period - Snap shot by Nick Bjugstad.
0:35 of 2nd period - Stopped by Brian Elliott without a rebound.
0:36 of 2nd period - Brayden Schenn wins face-off versus Sean Bergenheim in Maple Leafs zone.
0:45 of 2nd period - Snap shot by Patrick Kane.
0:45 of 2nd period - Shot Misses the Net.
1:25 of 2nd period - Backhand shot by Kevin Shattenkirk.
1:25 of 2nd period - Stopped by James Reimer without a rebound.
1:26 of 2nd period - David Krejci wins face-off versus Jordan Staal in Red Wings zone.
1:26 of 2nd period - David Krejci is hit by Andre Burakovsky.
1:35 of 2nd period - Wrist shot by David Krejci.
1:35 of 2nd period - Goal by David Krejci - Red Wings : 1 - Maple Leafs : 0.
1:36 of 2nd period - Mike Richards wins face-off versus Brayden Schenn in neutral zone.
1:39 of 2nd period - Patrick Kane is hit by Kris Versteeg and loses puck.
2:25 of 2nd period - Slapshot by Hampus Lindholm.
2:25 of 2nd period - Stopped by James Reimer without a rebound.
2:26 of 2nd period - David Krejci wins face-off versus Jordan Staal in Red Wings zone.
2:26 of 2nd period - David Krejci is hit by Jordan Staal.
2:41 of 2nd period - Minor Penalty to David Krejci for Tripping.
2:42 of 2nd period - Kris Versteeg wins face-off versus Brayden Schenn in Red Wings zone.
3:12 of 2nd period - Slapshot by Mike Richards.
3:12 of 2nd period - Shot Misses the Net.
3:14 of 2nd period - Slapshot by Philip Samuelsson.
3:14 of 2nd period - Shot Misses the Net.
3:22 of 2nd period - Wrist shot by Connor Brown.
3:22 of 2nd period - Goal by Connor Brown - Red Wings : 2 - Maple Leafs : 0.
3:23 of 2nd period - Kris Versteeg wins face-off versus Brayden Schenn in neutral zone.
3:28 of 2nd period - Minor Penalty to Kevin Shattenkirk for Holding.
3:29 of 2nd period - Jordan Staal wins face-off versus Kris Versteeg in Maple Leafs zone.
3:34 of 2nd period - Snap shot by Jordan Staal.
3:34 of 2nd period - Stopped by James Reimer without a rebound.
3:35 of 2nd period - Kris Versteeg wins face-off versus Jordan Staal in Red Wings zone.
4:14 of 2nd period - Mike Richards is hit by Brayden Schenn and loses puck.
4:25 of 2nd period - Connor Brown is hit by Brayden Schenn and loses puck.
4:32 of 2nd period - Ole-Kristian Tollefsen is hit by Ryan Parent.
4:41 of 2nd period - Penalty to David Krejci is over, David Krejci is back on ice.
5:01 of 2nd period - Philip Samuelsson is hit by Ben Smith and loses puck.
5:28 of 2nd period - Penalty to Kevin Shattenkirk is over, Kevin Shattenkirk is back on ice.
5:39 of 2nd period - Wrist shot by Mika Zibanejad.
5:39 of 2nd period - Stopped by James Reimer with a rebound.
5:41 of 2nd period - Slapshot by John Klingberg.
5:41 of 2nd period - Deflect By Andre Burakovsky.
5:41 of 2nd period - Shot Misses the Net.
5:41 of 2nd period - Puck is out of play.
5:42 of 2nd period - David Krejci wins face-off versus Jordan Staal in Red Wings zone.
5:47 of 2nd period - Slapshot by Kevin Shattenkirk.
5:47 of 2nd period - Shot Misses the Net.
6:25 of 2nd period - Jakub Kindl is hit by Kevin Shattenkirk and loses puck.
7:27 of 2nd period - Wrist shot by Sean Bergenheim.
7:27 of 2nd period - Stopped by Brian Elliott with a rebound.
7:29 of 2nd period - Snap shot by Kris Versteeg.
7:29 of 2nd period - Shot Blocked by Beau Bennett.
7:50 of 2nd period - Icing by Andre Burakovsky.
7:51 of 2nd period - Connor Brown wins face-off versus Jordan Staal in Maple Leafs zone.
8:13 of 2nd period - Off-side.
8:14 of 2nd period - David Krejci wins face-off versus Brayden Schenn in neutral zone.
9:55 of 2nd period - Snap shot by Kyle Clifford.
9:55 of 2nd period - Shot Blocked by Philip Samuelsson.
10:33 of 2nd period - Nick Bjugstad is hit by Ben Smith and loses puck.
11:38 of 2nd period - Minor Penalty to Kyle Clifford for Hooking.
11:39 of 2nd period - Nick Bjugstad wins face-off versus Brayden Schenn in Maple Leafs zone.
11:39 of 2nd period - Wrist shot by Connor Brown.
11:39 of 2nd period - Stopped by Brian Elliott without a rebound.
11:40 of 2nd period - Brayden Schenn wins face-off versus Nick Bjugstad in Maple Leafs zone.
12:18 of 2nd period - Wrist shot by Connor Brown.
12:18 of 2nd period - Deflect By Brayden Schenn.
12:18 of 2nd period - Shot Misses the Net.
12:18 of 2nd period - Puck is out of play.
12:19 of 2nd period - Mike Richards wins face-off versus Brayden Schenn in Maple Leafs zone.
12:40 of 2nd period - Icing by Mike Richards.
12:41 of 2nd period - Sean Bergenheim wins face-off versus Mika Zibanejad in Red Wings zone.
12:46 of 2nd period - Snap shot by Kris Versteeg.
12:46 of 2nd period - Shot Blocked by Ryan Parent.
12:48 of 2nd period - Snap shot by Mike Richards.
12:48 of 2nd period - Stopped by Brian Elliott with a rebound.
12:50 of 2nd period - Slapshot by Sean Bergenheim.
12:50 of 2nd period - Stopped by Brian Elliott with a rebound.
12:52 of 2nd period - Slapshot by Ryan O'Byrne.
12:52 of 2nd period - Deflect By Kris Versteeg.
12:52 of 2nd period - Stopped by Brian Elliott with a rebound.
12:54 of 2nd period - Snap shot by Sean Bergenheim.
12:54 of 2nd period - Stopped by Brian Elliott with a rebound.
12:56 of 2nd period - Wrist shot by Kris Versteeg.
12:56 of 2nd period - Shot Blocked by Mika Zibanejad.
12:58 of 2nd period - Slapshot by Karl Alzner.
12:58 of 2nd period - Deflect By Kris Versteeg.
12:58 of 2nd period - Goal by Kris Versteeg - Red Wings : 3 - Maple Leafs : 0.
12:59 of 2nd period - Mike Richards wins face-off versus Brayden Schenn in neutral zone.
13:12 of 2nd period - Backhand shot by Patrick Kane.
13:12 of 2nd period - Stopped by James Reimer with a rebound.
13:14 of 2nd period - Slapshot by John Klingberg.
13:14 of 2nd period - Shot Blocked by Kris Versteeg.
13:16 of 2nd period - Slapshot by Braydon Coburn.
13:16 of 2nd period - Stopped by James Reimer with a rebound.
13:26 of 2nd period - Connor Brown is hit by Braydon Coburn and loses puck.
13:31 of 2nd period - Wrist shot by Jake Guentzel.
13:31 of 2nd period - Shot Blocked by Connor Brown.
13:33 of 2nd period - Slapshot by John Klingberg.
13:33 of 2nd period - Shot Blocked by Nick Bjugstad.
13:35 of 2nd period - Wrist shot by Mika Zibanejad.
13:35 of 2nd period - Stopped by James Reimer with a rebound.
13:37 of 2nd period - Slapshot by John Klingberg.
13:37 of 2nd period - Shot Blocked by Connor Brown.
13:53 of 2nd period - Snap shot by Blake Comeau.
13:53 of 2nd period - Shot Misses the Net.
13:57 of 2nd period - Slapshot by Kevin Shattenkirk.
13:57 of 2nd period - Stopped by James Reimer without a rebound.
13:58 of 2nd period - Brayden Schenn wins face-off versus Kris Versteeg in Red Wings zone.
13:59 of 2nd period - Slapshot by Patrick Kane.
13:59 of 2nd period - Shot Misses the Net.
14:01 of 2nd period - Slapshot by Patrick Kane.
14:01 of 2nd period - Maple Leafs goal is going for a video replay.
14:01 of 2nd period - The goal is refused. The puck has been directed, batted or thrown into the net by an attacking player other than with a stick..
14:02 of 2nd period - Mike Richards wins face-off versus Brayden Schenn in Red Wings zone.
14:07 of 2nd period - Slapshot by Hampus Lindholm.
14:07 of 2nd period - Shot Misses the Net.
14:09 of 2nd period - Wrist shot by Patrick Kane.
14:09 of 2nd period - Shot Blocked by Ryan O'Byrne.
14:11 of 2nd period - Snap shot by Hampus Lindholm.
14:11 of 2nd period - Stopped by James Reimer with a rebound.
14:27 of 2nd period - Minor Penalty to Sean Bergenheim for Hooking.
14:28 of 2nd period - Brayden Schenn wins face-off versus Kris Versteeg in Red Wings zone.
14:43 of 2nd period - Snap shot by Jake Guentzel.
14:43 of 2nd period - Stopped by James Reimer with a rebound.
14:45 of 2nd period - Slapshot by Kevin Shattenkirk.
14:45 of 2nd period - Shot Blocked by Philip Samuelsson.
14:55 of 2nd period - John Klingberg is hit by Kris Versteeg and loses puck.
15:04 of 2nd period - Slapshot by Calvin de Haan.
15:04 of 2nd period - Shot Blocked by Ole-Kristian Tollefsen.
15:06 of 2nd period - Wrist shot by Jordan Staal.
15:06 of 2nd period - Goal by Jordan Staal - Red Wings : 3 - Maple Leafs : 1.
15:07 of 2nd period - Nick Bjugstad wins face-off versus Brayden Schenn in neutral zone.
15:10 of 2nd period - Slapshot by Ole-Kristian Tollefsen.
15:10 of 2nd period - Shot Misses the Net.
15:22 of 2nd period - Snap shot by Patrick Kane.
15:22 of 2nd period - Shot Blocked by Philip Samuelsson.
15:31 of 2nd period - Icing by Connor Brown.
15:32 of 2nd period - Mika Zibanejad wins face-off versus Nick Bjugstad in Red Wings zone.
15:35 of 2nd period - Snap shot by Ben Smith.
15:35 of 2nd period - Shot Misses the Net.
15:37 of 2nd period - Wrist shot by Ben Smith.
15:37 of 2nd period - Shot Misses the Net.
15:39 of 2nd period - Snap shot by Ben Smith.
15:39 of 2nd period - Shot Misses the Net.
15:41 of 2nd period - Slapshot by Jake Guentzel.
15:41 of 2nd period - Stopped by James Reimer with a rebound.
15:43 of 2nd period - Snap shot by Ben Smith.
15:43 of 2nd period - Stopped by James Reimer without a rebound.
15:44 of 2nd period - Mike Richards wins face-off versus Brayden Schenn in Red Wings zone.
16:36 of 2nd period - Jake Guentzel is hit by Alex Picard and loses puck.
16:55 of 2nd period - Slapshot by Kris Versteeg.
16:55 of 2nd period - Shot Blocked by Kevin Shattenkirk.
17:22 of 2nd period - Kris Versteeg is hit by Brayden Schenn and loses puck.
17:31 of 2nd period - Slapshot by Kris Versteeg.
17:31 of 2nd period - Shot Blocked by Hampus Lindholm.
17:43 of 2nd period - Wrist shot by Sean Bergenheim.
17:43 of 2nd period - Shot Misses the Net.
17:45 of 2nd period - Slapshot by Jiri Fischer.
17:45 of 2nd period - Shot Hit the Post.
17:47 of 2nd period - Slapshot by Jakub Kindl.
17:47 of 2nd period - Shot Blocked by Dany Heatley.
17:49 of 2nd period - Slapshot by Jakub Kindl.
17:49 of 2nd period - Stopped by Brian Elliott without a rebound.
17:50 of 2nd period - Brayden Schenn wins face-off versus Connor Brown in Maple Leafs zone.
17:50 of 2nd period - Brayden Schenn is hit by Ole-Kristian Tollefsen.
18:18 of 2nd period - Ben Smith is hit by Carson Mcmillan and loses puck.
19:18 of 2nd period - Karl Alzner is hit by Ryan Parent and loses puck.
19:38 of 2nd period - Minor Penalty to Ryan Parent for High sticking.
19:39 of 2nd period - Nick Bjugstad wins face-off versus Brayden Schenn in Maple Leafs zone.
Goals for this period are 3 for Red Wings vs 1 for Maple Leafs.
Shots for this period are 11 for Red Wings vs 14 for Maple Leafs.
3rd period
0:01 of 3rd period - Brayden Schenn wins face-off versus Mike Richards in neutral zone.
0:03 of 3rd period - Off-side.
0:04 of 3rd period - Mike Richards wins face-off versus Brayden Schenn in neutral zone.
0:47 of 3rd period - Snap shot by Connor Brown.
0:47 of 3rd period - Stopped by Brian Elliott with a rebound.
0:49 of 3rd period - Slapshot by Philip Samuelsson.
0:49 of 3rd period - Deflect By Marko Dano.
0:49 of 3rd period - Stopped by Brian Elliott with a rebound.
1:38 of 3rd period - Penalty to Ryan Parent is over, Ryan Parent is back on ice.
2:32 of 3rd period - Marko Dano is hit by Braydon Coburn.
2:54 of 3rd period - Ryan Parent is hit by Mike Richards and loses puck.
4:23 of 3rd period - Slapshot by John Klingberg.
4:23 of 3rd period - Stopped by James Reimer without a rebound.
4:24 of 3rd period - Kris Versteeg wins face-off versus Brayden Schenn in Red Wings zone.
4:37 of 3rd period - Philip Samuelsson is hit by Jake Guentzel and loses puck.
4:50 of 3rd period - Wrist shot by Ben Smith.
4:50 of 3rd period - Stopped by James Reimer with a rebound.
4:59 of 3rd period - Icing by David Krejci.
5:00 of 3rd period - Nick Bjugstad wins face-off versus Brayden Schenn in Red Wings zone.
5:07 of 3rd period - Slapshot by Connor Brown.
5:07 of 3rd period - Shot Blocked by Hampus Lindholm.
5:09 of 3rd period - Slapshot by Nick Bjugstad.
5:09 of 3rd period - Stopped by Brian Elliott without a rebound.
5:10 of 3rd period - Mike Richards wins face-off versus Brayden Schenn in Maple Leafs zone.
5:25 of 3rd period - Snap shot by Brayden Schenn.
5:25 of 3rd period - Shot Misses the Net.
6:28 of 3rd period - Slapshot by Hampus Lindholm.
6:28 of 3rd period - Shot Misses the Net.
6:30 of 3rd period - Snap shot by Blake Comeau.
6:30 of 3rd period - Stopped by James Reimer without a rebound.
6:31 of 3rd period - Nick Bjugstad wins face-off versus Brayden Schenn in Red Wings zone.
6:58 of 3rd period - Brayden Schenn is hit by Alex Picard and loses puck.
7:07 of 3rd period - Snap shot by Alex Picard.
7:07 of 3rd period - Stopped by Brian Elliott without a rebound.
7:08 of 3rd period - Mika Zibanejad wins face-off versus Mike Richards in Maple Leafs zone.
7:17 of 3rd period - Snap shot by Ben Smith.
7:17 of 3rd period - Shot Misses the Net.
7:19 of 3rd period - Wrist shot by Mika Zibanejad.
7:19 of 3rd period - Goal by Mika Zibanejad - Red Wings : 3 - Maple Leafs : 2.
7:20 of 3rd period - Mike Richards wins face-off versus Brayden Schenn in neutral zone.
7:53 of 3rd period - Slapshot by Connor Brown.
7:53 of 3rd period - Deflect By Marko Dano.
7:53 of 3rd period - Stopped by Brian Elliott with a rebound.
7:55 of 3rd period - Slapshot by Ole-Kristian Tollefsen.
7:55 of 3rd period - Stopped by Brian Elliott with a rebound.
8:13 of 3rd period - Slapshot by Hampus Lindholm.
8:13 of 3rd period - Stopped by James Reimer with a rebound.
9:29 of 3rd period - Wrist shot by David Krejci.
9:29 of 3rd period - Shot Blocked by Calvin de Haan.
9:45 of 3rd period - Wrist shot by Andre Burakovsky.
9:45 of 3rd period - Stopped by James Reimer with a rebound.
9:51 of 3rd period - Jiri Fischer is hit by Kyle Clifford and loses puck.
10:01 of 3rd period - Icing by Ryan Parent.
10:02 of 3rd period - Chris Kelly wins face-off versus Mike Richards in Maple Leafs zone.
10:49 of 3rd period - Wrist shot by David Krejci.
10:49 of 3rd period - Deflect By Connor Brown.
10:49 of 3rd period - Stopped by Brian Elliott with a rebound.
11:05 of 3rd period - Snap shot by Andre Burakovsky.
11:05 of 3rd period - Deflect By Jordan Staal.
11:05 of 3rd period - Shot Misses the Net.
11:05 of 3rd period - Puck is out of play.
11:06 of 3rd period - Jordan Staal wins face-off versus Mike Richards in Red Wings zone.
11:07 of 3rd period - Snap shot by Kevin Shattenkirk.
11:07 of 3rd period - Shot Blocked by Karl Alzner.
11:33 of 3rd period - Brayden Schenn is hit by Marko Dano and loses puck.
12:04 of 3rd period - Slapshot by Kevin Shattenkirk.
12:04 of 3rd period - Deflect By Alex Picard.
12:04 of 3rd period - Stopped by James Reimer with a rebound.
12:19 of 3rd period - Minor Penalty to Dany Heatley for Interference.
12:20 of 3rd period - Mike Richards wins face-off versus Brayden Schenn in Maple Leafs zone.
12:21 of 3rd period - Snap shot by Kris Versteeg.
12:21 of 3rd period - Shot Misses the Net.
13:51 of 3rd period - Ole-Kristian Tollefsen is hit by Braydon Coburn and loses puck.
14:19 of 3rd period - Penalty to Dany Heatley is over, Dany Heatley is back on ice.
14:36 of 3rd period - Snap shot by Alex Picard.
14:36 of 3rd period - Shot Misses the Net.
14:46 of 3rd period - Jakub Kindl is hit by Chris Kelly and loses puck.
15:14 of 3rd period - Hampus Lindholm is hit by Connor Brown and loses puck.
15:27 of 3rd period - Slapshot by Patrick Kane.
15:27 of 3rd period - Stopped by James Reimer with a rebound.
15:52 of 3rd period - Minor Penalty to Kyle Clifford for Slashing.
15:53 of 3rd period - Brayden Schenn wins face-off versus Mike Richards in Maple Leafs zone.
17:52 of 3rd period - Penalty to Kyle Clifford is over, Kyle Clifford is back on ice.
18:13 of 3rd period - Nick Bjugstad is hit by Jake Guentzel and loses puck.
18:26 of 3rd period - Jake Guentzel is hit by Petr Pohl and loses puck.
18:53 of 3rd period - Patrick Kane is hit by Philip Samuelsson and loses puck.
18:58 of 3rd period - Wrist shot by Kris Versteeg.
18:58 of 3rd period - Shot Misses the Net.
19:00 of 3rd period - Snap shot by Mike Richards.
19:00 of 3rd period - Shot Misses the Net.
19:02 of 3rd period - Slapshot by Sean Bergenheim.
19:02 of 3rd period - Deflect By Mike Richards.
19:02 of 3rd period - Shot Misses the Net.
19:02 of 3rd period - Puck is out of play.
19:03 of 3rd period - Joel Quenneville call a timeout for Maple Leafs.
19:03 of 3rd period - Mike Richards wins face-off versus Brayden Schenn in Maple Leafs zone.
19:04 of 3rd period - Snap shot by Sean Bergenheim.
19:04 of 3rd period - Stopped by Brian Elliott with a rebound.
19:12 of 3rd period - Maple Leafs, Brian Elliott is pulled from the net.
19:16 of 3rd period - Snap shot by Kevin Shattenkirk.
19:16 of 3rd period - Shot Blocked by Ole-Kristian Tollefsen.
19:18 of 3rd period - Wrist shot by Kyle Clifford.
19:18 of 3rd period - Stopped by James Reimer without a rebound.
19:19 of 3rd period - Patrick Kane wins face-off versus Mike Richards in Red Wings zone.
Goals for this period are 0 for Red Wings vs 1 for Maple Leafs.
Shots for this period are 8 for Red Wings vs 9 for Maple Leafs.